 Dungeon Crawl Stone Soup version 0.28.0 (webtiles) character file.

Game seed: 15771688346187603200

86 Morbidden the Skirmisher (level 4, -8/35 HPs)
             Began as a Demonspawn Fighter on Feb 7, 2022.
             Killed by nerve-wracking pain
             ... invoked by Jessica
              (13 damage)
             ... on level 3 of the Dungeon.
             The game lasted 00:02:50 (2958 turns).

Morbidden the Skirmisher (Demonspawn Fighter)       Turns: 2958, Time: 00:02:52

Health: -8/35      AC: 12    Str: 15 (17) XL:     4   Next: 27%
Magic:  0/5        EV:  9    Int: 14 (17) God:
Gold:   79         SH:  4    Dex:  9 (12) Spells: 5/5 levels left

rFire   + . .      SeeInvis .   b - +0 dagger (venom)
rCold   . . .      Faith    .   c - +0 buckler
rNeg    . . .      Spirit   +   j - +0 scale mail {rF+}
rPois   .          Reflect  .   (no helmet)
rElec   .          Harm     .   (no cloak)
rCorr   .          Rampage  .   (no gloves)
Will    .....                   (no boots)
Stlth   ..........              g - amulet of guardian spirit
HPRegen 0.11/turn               o - +6 ring of intelligence
MPRegen 0.09/turn               (no ring)

@: sanguine armoured, slowed, very slow
A: foul stench 1, powered by death 1, sanguine armour 1
a: no special abilities


You were on level 3 of the Dungeon.
You visited 1 branch of the dungeon, and saw 3 of its levels.

You collected 79 gold pieces.

Inventory:

Hand Weapons
 a - a +0 long sword
 b - a +0 dagger of venom (weapon)
Armour
 c - a +0 buckler (worn)
 j - a +0 scale mail of fire resistance (worn)
Jewellery
 g - an amulet of guardian spirit (around neck)
 o - a +6 ring of intelligence (left hand)
Wands
 k - a wand of paralysis (12)
Scrolls
 e - 3 scrolls of identify {unknown}
 f - a scroll of blinking {unknown}
 h - a scroll of teleportation {unknown}
 i - a scroll of summoning {unknown}
 l - 2 scrolls of silence {unknown}
 n - a scroll of fear {unknown}
 s - a scroll of torment {unknown}
Potions
 d - a potion of might
 p - a potion of invisibility {unknown}
 q - a potion of magic {unknown}
 r - a potion of cancellation {unknown}


   Skills:
 * Level 3.2 Fighting
 * Level 2.6 Long Blades
 * Level 3.1 Armour
 * Level 0.9 Dodging
 + Level 0.1 Stealth
 + Level 3.1 Shields
 * Level 1.1 Spellcasting


You had 5 spell levels left.
You didn't know any spells.
Your spell library was empty.

Dungeon Overview and Level Annotations

Branches:
Dungeon (3/15)

Altars:
Dithmenos

Annotations:
D:3 Jessica


Innate Abilities, Weirdness & Mutations

You may rarely emit foul miasma when damaged in melee.
You regenerate a little health from kills.
When seriously injured, your blood forms armour. (AC +6)


Message History

Jessica gestures at you while chanting.
You feel yourself slow down.
You see here 6 gold pieces.
The hound barely misses you.
An endoplasm comes into view.
The hound bites you but does no damage.
You barely miss the hound.
The hound is lightly wounded.
The endoplasm quivers.
The hound bites you. The hound barely misses you.
You hit the hound.
The hound looks even sicker.
The hound is lightly wounded.
The hound bites you. The hound bites you but does no damage.
You completely miss the hound.
The hound is moderately wounded.
The hound bites you. The hound bites you but does no damage.
Jessica points at you and mumbles some strange words.
Pain shoots through your body! The hound bites you.
You closely miss the hound.
The hound is moderately wounded.
Jessica points at you and mumbles some strange words.
Pain shoots through your body!
Your blood congeals into armour.
The hound barely misses you.
Jessica hits you with a +2 spectral club.
The hound bites you but does no damage.
You barely miss Jessica. You block the hound's attack.
Jessica gestures at you while chanting. Pain shoots through your body!
* * * LOW HITPOINT WARNING * * *
The hound bites you but does no damage.
Unknown command.
Unknown command.
It was a potion of degeneration.
There was something very wrong with that liquid.
You feel weakened.
You feel dopey.
You feel clumsy. The hound bites you but does no damage.
Jessica hits you but does no damage. The hound bites you but does no damage.
Jessica gestures at you while chanting. Pain shoots through your body!
You die...

######### #.......#
## #.......# #.#
#.......# #.J##
#.......#
#.@@###........
####.#h##........#
#.....or..<.......
.........†.##..#...
...........# ....
......?...... ....
............... ...
................ ..
.).......>...... .


You could see a hound (very poisoned), Jessica, an orc, an endoplasm and a rat.

Vanquished Creatures
  Robin (D:2)
  2 adders (D:2)
  4 ball pythons
  4 endoplasms
  A giant cockroach (D:1)
  9 goblins
  9 hobgoblins
  4 quokkas
  2 bats
  3 frilled lizards
  8 kobolds
  5 rats
52 creatures vanquished.

Vanquished Creatures (others)
  4 plants (D:3)
4 creatures vanquished.

Grand Total: 56 creatures vanquished

Notes
Turn   | Place    | Note
-------+----------+-------------------------------------------
     0 | D:1      | Morbidden the Demonspawn Fighter began the quest for the
                  | Orb.
     0 | D:1      | Reached XP level 1. HP: 18/18 MP: 1/1
   367 | D:1      | Gained mutation: You may rarely emit foul miasma when
                  | damaged in melee. [demonic ancestry]
   367 | D:1      | Reached XP level 2. HP: 15/24 MP: 2/2
  1014 | D:1      | Gained mutation: When seriously injured, your blood forms
                  | armour. (AC +6) [demonic ancestry]
  1014 | D:1      | Reached XP level 3. HP: 26/29 MP: 1/3
  1407 | D:2      | Found a shadowy altar of Dithmenos.
  1596 | D:2      | Found a faded altar of an unknown god.
  1611 | D:2      | Reached skill level 1 in Spellcasting
  2550 | D:2      | Noticed Robin
  2621 | D:2      | Gained mutation: You regenerate a little health from kills.
                  | [demonic ancestry]
  2621 | D:2      | Reached XP level 4. HP: 12/35 MP: 5/5
  2650 | D:2      | Killed Robin
  2942 | D:3      | Noticed Jessica
  2958 | D:3      | Killed from afar by Jessica

Illustrated notes

Levels and vault maps discovered:
D:1:      minmay_arrival_checkered_box, layout_basic, corexii_hall_statues_l
D:2:      layout_basic, dreamdust_ecumenical_altar_statues, basic_altar,
          nrook_mini_vaults, dk_noncrumbling_3, uniq_robin
D:3:      layout_rooms, kennysheep_boxes, uniq_jessica

Skill      XL: |  1  2  3  4 |
---------------+-------------+-----
Long Blades    | 2 |  2.6
Spellcasting   | 1 |  1.1
Armour         | 3 |  3.1
Shields        | 3 |  3.1
Fighting       | |  3.2
Dodging        | |  0.9
Stealth        | |  0.1

Action                   |  1- 3 |  4- 6 || total
-------------------------+-------+-------++-------
Melee: Long sword        |    77 |       ||    77
       Dagger            |    58 |    30 ||    88
  Use: Potion            |       |     1 ||     1
Armor: Scale mail        |    55 |    24 ||    79
Dodge: Dodged            |    73 |    17 ||    90
Block: Buckler           |    34 |     6 ||    40
